 Dungeon Crawl Stone Soup version 0.20.0-8-g6b59dc7 (webtiles) character file.

336 Gorglomux the Firebug (level 6, 0/45 HPs)
             Began as a Centaur Fire Elementalist on May 30, 2017.
             Slain by a two-headed ogre
             ... wielding a +0 giant spiked club
              (18 damage)
             ... on level 4 of the Dungeon.
             The game lasted 00:07:49 (3616 turns).

Gorglomux the Firebug (Centaur Fire Elementalist)   Turns: 3616, Time: 00:07:49

Health: 0/45       AC:  7    Str:  8 (11) XL:     6   Next: 28%
Magic:  3/8        EV:  8    Int: 13 (14) God:
Gold:   263        SH:  0    Dex:  8 (11) Spells: 2/8 levels left

rFire    + . .     SeeInvis .   Q - +0 spear
rCold    . . .     Gourm    .   (no shield)
rNeg     . . .     Faith    .   t - +1 leather armour {rF+}
rPois    .         Spirit   .   (no helmet)
rElec    .         Reflect  .   (no cloak)
rCorr    .         Harm     .   A - +1 pair of gloves
MR       .....                  (no barding)
Stlth    ..........             (no amulet)
Regen    0.2/turn               (no ring)
MPRegen  0.2/turn               (no ring)

@: drained, very quick
A: hooves 3, deformed body, speed 2, tough skin 3
a: no special abilities


You were on level 4 of the Dungeon.
You were very hungry.

You visited 1 branch of the dungeon, and saw 4 of its levels.

You collected 263 gold pieces.

Inventory:

Hand Weapons
 f - a +0 whip
 Q - a +0 spear (weapon)
 T - a +0 halberd
Armour
 t - a +1 leather armour of fire resistance (worn)
 A - a +1 pair of gloves (worn)
Jewellery
 X - an uncursed amulet of faith {unknown}
Scrolls
 e - a scroll of fog {unknown}
 h - a scroll of remove curse {unknown}
 i - a scroll of immolation {unknown}
 l - 2 scrolls of identify {unknown}
 m - a scroll of noise {unknown}
 S - 2 scrolls of fear {unknown}
 Y - a scroll of enchant armour {unknown}
 Z - a scroll of random uselessness {unknown}
Potions
 g - a potion of lignification
 j - a potion of mutation {unknown}
 k - 2 potions of degeneration
 o - a potion of resistance {unknown}
 q - a potion of curing {unknown}
 r - a potion of heal wounds
 W - a potion of haste {unknown}
Books
 b - a book of Flames

   Spells                             Type                      Level
   a - Flame Tongue                   Conjuration/Fire             1
   b - Throw Flame                    Conjuration/Fire             2
   c - Conjure Flame                  Conjuration/Fire             3
   d - Inner Flame                    Hexes/Fire                   3
   e - Sticky Flame                   Conjuration/Fire             4
   f - Fireball                       Conjuration/Fire             5
Comestibles
 c - a bread ration
 z - a meat ration
 R - a royal jelly
 U - 3 chunks of flesh
 V - a fruit


   Skills:
 - Level 1.3(0.4) Dodging
 - Level 1.1(0.2) Stealth
 - Level 1.5(0.6) Spellcasting
 - Level 2.0(1.0) Conjurations
 + Level 6.2(5.1) Fire Magic


You had 2 spell levels left.
You knew the following spells:

 Your Spells              Type           Power        Failure   Level  Hunger
a - Flame Tongue          Conj/Fire      #....        12%         1    ##.....
b - Throw Flame           Conj/Fire      #.....       19%         2    ###....
j - Conjure Flame         Conj/Fire      #.......     34%         3    ####...


Dungeon Overview and Level Annotations

Branches:
Dungeon (4/15)
 Temple: D:4-7

Altars:
Ru
Trog
Uskayaw

Annotations:
D:3 Sigmund


Innate Abilities, Weirdness & Mutations

You have hooves in place of feet.
Armour fits poorly on your strangely shaped body.
You cover ground very quickly.
You have extremely tough skin. (AC +3)


Message History

You reach to attack!
You hit the two-headed ogre.
The two-headed ogre is moderately wounded.
Attack whom?
Press: ? - help, Dir - move target cursor, f/p - two-headed ogre
Aim: a two-headed ogre, wielding a giant spiked club and a giant club (moderately wounded)
You reach to attack!
You hit the two-headed ogre.
The two-headed ogre is moderately wounded.
Attack whom?
Press: ? - help, Dir - move target cursor, f/p - two-headed ogre
Aim: a two-headed ogre, wielding a giant spiked club and a giant club (moderately wounded)
You reach to attack!
You hit the two-headed ogre.
The two-headed ogre is heavily wounded.
Attack whom?
Press: ? - help, Dir - move target cursor, f/p - two-headed ogre
Aim: a two-headed ogre, wielding a giant spiked club and a giant club (heavily wounded)
You reach to attack!
You hit the two-headed ogre but do no damage.
The two-headed ogre is heavily wounded.
The two-headed ogre hits you with a giant spiked club!!
You die...

...#.##.###..###.....###.#
...#.##..##.## ###.......#
...#...#....)###...#######
...###........<)..##
####.......######..###
####<##..#.>..####...###########
#....##.#####..#####...........#
#..##...######..#####...######.#
##.............O@.<.......###
#....##########...............
..#### #####.......#### ###
#.......# ######.....##
######...........#
##########......###.......#
...........###### #.......#
############ ##.....##


You could see a two-headed ogre.

Vanquished Creatures
  A hound (D:4)
  An orc priest (D:4)
  An orc wizard (D:4)
  Ijyb (D:3)
  An iguana (D:4)
  2 worker ants (D:4)
  Robin (D:2)
  4 gnolls (D:4)
  An adder (D:2)
  An ooze (D:1)
  2 adder skeletons (D:4)
  2 worms
  A dart slug (D:1)
  2 leopard geckos (D:4)
  3 orcs (D:4)
  2 giant cockroaches
  13 goblins
  9 hobgoblins
  4 jackals (D:4)
  A ball python (D:1)
  5 bats (D:1)
  6 frilled lizards
  7 kobolds
  3 rats (D:1)
74 creatures vanquished.

Notes
Turn   | Place    | Note
-------+----------+-------------------------------------------
     0 | D:1      | Gorglomux the Centaur Fire Elementalist began the quest for the Orb.
     0 | D:1      | Reached XP level 1. HP: 14/14 MP: 3/3
    25 | D:1      | Reached skill level 1 in Conjurations
   281 | D:1      | Reached skill level 3 in Fire Magic
   286 | D:1      | Reached XP level 2. HP: 19/20 MP: 4/4
   726 | D:1      | Reached XP level 3. HP: 23/26 MP: 3/5
   900 | D:2      | Learned a level 2 spell: Throw Flame
   984 | D:2      | Found a sacrificial altar of Ru.
  1208 | D:2      | Noticed Robin
  1249 | D:2      | Killed Robin
  1601 | D:2      | Reached skill level 4 in Fire Magic
  1601 | D:2      | Reached XP level 4. HP: 27/33 MP: 0/6
  1772 | D:2      | Found a bloodstained altar of Trog.
  2025 | D:3      | Noticed Ijyb
  2083 | D:3      | Killed Ijyb
  2262 | D:3      | Noticed Sigmund
  2305 | D:4      | Reached XP level 5. HP: 28/38 MP: 2/7
  2341 | D:4      | Reached skill level 5 in Fire Magic
  2436 | D:4      | Noticed a two-headed ogre
  2725 | D:4      | Learned a level 3 spell: Conjure Flame
  2780 | D:4      | Found a hide-covered altar of Uskayaw.
  2843 | D:4      | Reached XP level 6. HP: 22/45 MP: 1/8
  2857 | D:4      | Reached skill level 6 in Fire Magic
  3616 | D:4      | Slain by a two-headed ogre

Skill      XL: |  1  2  3  4  5  6 |
---------------+-------------------+-----
Conjurations   | 1 2 |  2.0
Fire Magic     | 3 4 5 6 |  6.2
Dodging        | |  1.3
Stealth        | |  1.1
Spellcasting   | |  1.5

Action                   |  1- 3 |  4- 6 || total
-------------------------+-------+-------++-------
Melee: Unarmed           |     9 |       ||     9
       Whip              |    57 |   171 ||   228
       Kick              |     5 |    16 ||    21
       Spear             |       |    39 ||    39
       Halberd           |       |     8 ||     8
 Cast: Flame Tongue      |    54 |    74 ||   128
       Throw Flame       |     3 |     2 ||     5
       Conjure Flame     |       |     5 ||     5
  Use: Potion            |       |     4 ||     4
       Scroll            |       |     2 ||     2
  Eat: Chunk             |     3 |     9 ||    12
Armor: Robe              |    33 |    15 ||    48
       Skin              |       |   139 ||   139
       Leather armour    |       |    24 ||    24
Dodge: Dodged            |    54 |    80 ||   134
